[Event "VIII Open Semana Santa 2024"]
[Site "San Vicente del Raspeig"]
[Date "2024.03.31"]
[Round "8.5"]
[White "Merario Alarcon, Andres"]
[Black "Marin, Mihail"]
[Result "1/2-1/2"]
[ECO "C02"]
[WhiteElo "2401"]
[BlackElo "2456"]
[Annotator "TA"]
[PlyCount "63"]
[EventDate "2024.03.27"]
[EventType "swiss"]
[EventCountry "ESP"]
[SourceTitle "playchess.com"]
[Source "ChessBase"]
[SourceQuality "1"]
[TimeControl "5400+30"]

1. d4 e6 2. e4 d5 3. e5 c5 4. c3 Nc6 5. Nf3 Qb6 6. Bd3 cxd4 7. O-O Bd7 8. Re1 Rc8 9. Nbd2 dxc3 10. bxc3 Nge7 11. Rb1 Qc7 12. c4 Ng6 13. cxd5 exd5 14. Ng5 $1 {[%emt 0:08:02] aiming for e6.} Nd8 {[%emt 0:05:40] [#]} (14... Be7 $14 15. Nxf7 (15. e6 fxe6 16. Qh5 Bxg5 $14) 15... O-O (15... Kxf7 $2 16. Qf3+ Ke8 17. Qh5 $16) 16. Bxg6 hxg6) 15. e6 $1 $18 Nxe6 16. Qh5 (16. Nxe6 $18 {and White stays clearly on top.} Bxe6 (16... fxe6 $2 17. Qh5 $18) 17. Qa4+ (17. Bb5+ Kd8 $11) 17... Kd8 18. Nf3 (18. Qxa7 Bc5 $14)) 16... Ngf4 $2 (16... Be7 $16) 17. Qxf7+ Kd8 18. Ndf3 Nxd3 19. Nxe6+ (19. Qxe6 $2 Bxe6 20. Nxe6+ Kd7 21. Nxc7 Nxe1 (21... Rxc7 22. Ne5+ Nxe5 23. Rxe5 $11) (21... Kxc7 22. Re3 $11) 22. Nxd5 Nxf3+ 23. gxf3 Rc2 $19) (19. Nd4 $142 Rb8 20. Ngxe6+ (20. Ndxe6+ Kc8 $18) 20... Kc8 21. Nxc7) 19... Bxe6 20. Bg5+ Be7 21. Qxe6 (21. Rxe6 Bxg5 22. Nxg5 (22. Qf5 Be7 $16) 22... Qxf7 (22... Qc1+ $2 23. Re1 $18) 23. Nxf7+ Kd7 24. Rd6+ (24. Rxb7+ $2 Kxe6 25. h4 Rhe8 $19) 24... Kc7 $18) 21... Nxe1 22. Qxd5+ (22. Rxe1 $18 Bxg5 23. Qxd5+ Qd7 24. Qxg5+ Kc7 25. Re7 Qxe7 26. Qxe7+ Kb8 27. h4 (27. Qxg7 $2 {gets mated.} Rc1+)) 22... Qd7 $14 23. Bxe7+ Ke8 $1 (23... Kxe7 $2 {loses.} 24. Rxe1+ Kd8 25. Qg5+ Kc7 26. Re7 $18) 24. Qh5+ (24. Qxb7 $2 {is the wrong capture.} Nxf3+ 25. Qxf3 Qxe7 $19) (24. Qxd7+ $14 Kxd7 25. Rxe1) 24... g6 (24... Kxe7 $11 {remains equal.} 25. Ne5 Qe6) 25. Qe5 $16 {[%emt 0:00:07] [#] Threatening mate with Bd6+. Dancing on a razor blade.} Nxf3+ 26. gxf3 Kf7 27. Qf6+ Kg8 28. Rxb7 {[%emt 0:01:23] White is more active.} Qxb7 $11 {[%emt 0:00:55] The position is equal.} 29. Qe6+ Kg7 30. Qf6+ Kg8 31. Qe6+ Kg7 32. Qf6+ {[%emt 0:01:09] White really could win this.   Weighted Error Value: White=0.64/Black=0.23 (precise) .  Loses game:     	---       	Black=2      Missed win:     	White=1     	---        Mistake:       	White=3     	Black=1      Inaccurate:     	---       	Black=2      OK:         	White=10    	Black=4      Best:        	White=4     	Black=5      Strong:       	White=1     	Black=1} 1/2-1/2

[Event "VIII Open Semana Santa 2024"]
[Site "San Vicente del Raspeig"]
[Date "2024.03.31"]
[Round "8.6"]
[White "Shuvalova, Polina"]
[Black "Garrido Outon, Alex"]
[Result "1-0"]
[ECO "B94"]
[WhiteElo "2455"]
[BlackElo "2407"]
[Annotator "TA"]
[PlyCount "65"]
[EventDate "2024.03.27"]
[EventType "swiss"]
[EventCountry "ESP"]
[SourceTitle "playchess.com"]
[Source "ChessBase"]
[SourceQuality "1"]
[TimeControl "5400+30"]

1. e4 c5 2. Nf3 d6 3. d4 cxd4 4. Nxd4 Nf6 5. Nc3 a6 6. Bg5 Nbd7 7. Bc4 Qb6 8. Bb3 e6 9. Qd2 Be7 {[%emt 0:00:30] The position is equal.} 10. O-O-O Nc5 11. f3 Qc7 12. g4 Bd7 13. a3 b5 14. Ba2 Rb8 15. b4 Na4 16. Nxa4 bxa4 17. Kb2 O-O 18. Rc1 a5 $132 {[%emt 0:02:28][%mdl 2048] Strongly threatening ...axb4. Black is not keeping still} 19. c3 Bc8 20. h4 Ba6 21. h5 Bc4 (21... h6 22. Bh4 $15) 22. Bb1 Rfd8 23. Rhg1 (23. Ka1 $5) 23... Kf8 24. Bc2 e5 (24... Ra8 $11) 25. Nf5 $16 d5 $2 (25... Be6 $16) 26. h6 $2 (26. Bxa4 $2 {perishes.} dxe4 27. Qe1 exf3 $19) (26. Bh6 $1 $18 {[%cal Rh6g7] and the rest is easy.}) 26... g6 27. Nxe7 Qxe7 {[%emt 0:01:59] [#]} 28. Rgd1 $1 {[%emt 0:09:58] Active counter play!} (28. Bxa4 $2 dxe4 29. Qc2 (29. Qe3 axb4 30. cxb4 Rxb4+ 31. axb4 Qxb4+ 32. Bb3 Rd2+ 33. Rc2 Rxc2+ 34. Kxc2 Nd5 $19) 29... exf3 $19) 28... dxe4 {[%emt 0:05:52] [#]} (28... d4 $142) 29. Qe3 $1 {[%emt 0:00:16] Chess con chili.} Bd3 $2 (29... Rdc8 $16 30. Bxa4 (30. fxe4 Qe6 $16) 30... Qe6) 30. Bxa4 $18 axb4 31. axb4 (31. cxb4 $142 Rd4 32. Bb3) 31... Bc4 $2 (31... Rdc8 32. fxe4 Bc4) 32. Rxd8+ Rxd8 33. Bxf6 {[%emt 0:00:00] Weighted Error Value: White=0.22 (precise) /Black=0.63.  Loses game:     	---       	Black=2      Missed win:     	White=1     	---        Mistake:       	White=1     	Black=3      Inaccurate:     	White=1     	---        OK:         	White=12    	Black=9      Best:        	White=3     	Black=1      Strong:       	White=2     	---} 1-0

[Event "VIII Open Semana Santa 2024"]
[Site "San Vicente del Raspeig"]
[Date "2024.03.31"]
[Round "8.7"]
[White "Mamedov, Edgar"]
[Black "Levin, Guy"]
[Result "1/2-1/2"]
[ECO "A21"]
[WhiteElo "2317"]
[BlackElo "2452"]
[Annotator "TA"]
[PlyCount "57"]
[EventDate "2024.03.27"]
[EventType "swiss"]
[EventCountry "ESP"]
[SourceTitle "playchess.com"]
[Source "ChessBase"]
[SourceQuality "1"]
[TimeControl "5400+30"]

1. c4 e5 2. Nc3 Bb4 3. Nd5 a5 4. a3 Bc5 5. e3 c6 6. Nc3 d6 7. d4 Ba7 8. Nf3 {[%emt 0:00:18] White is slightly better.} Nd7 9. Be2 Ngf6 10. b4 O-O 11. Bb2 Re8 12. d5 c5 (12... Bb8 $11 {remains equal.}) 13. b5 $16 Bb6 14. O-O Qe7 15. Nd2 Bd8 16. Bd3 Nf8 17. Qe2 {[%emt 0:15:38] White is more active.} (17. Qc2 $16) 17... Ng4 $14 18. f3 Nh6 19. Qf2 f5 20. Rae1 Ng6 21. Be2 f4 22. Bd3 {[%emt 0:02:00] [#] Threatens to win with Bxg6.} Nf5 23. Bxf5 Bxf5 24. Nde4 a4 {[%emt 0:01:28] The position is equal.} 25. Bc1 Ba5 26. Rd1 Bxc3 27. Nxc3 fxe3 28. Bxe3 Nf4 29. Qd2 {[%emt 0:04:23] Weighted Error Value: White=0.12 (very precise) /Black=0.11 (very precise) .  Mistake:       	White=1     	Black=1      Inaccurate:     	White=2     	Black=2      OK:         	White=7     	Black=11} 1/2-1/2

[Event "VIII Open Semana Santa 2024"]
[Site "San Vicente del Raspeig"]
[Date "2024.03.31"]
[Round "8.8"]
[White "Alexakis, Dimitris"]
[Black "Beydullayeva, Govhar"]
[Result "1-0"]
[ECO "C48"]
[WhiteElo "2448"]
[BlackElo "2374"]
[Annotator "RC"]
[PlyCount "101"]
[EventDate "2024.03.27"]
[EventType "swiss"]
[EventCountry "ESP"]
[SourceTitle "playchess.com"]
[Source "ChessBase"]
[SourceQuality "1"]
[TimeControl "5400+30"]

1. e4 e5 2. Nf3 Nc6 3. Nc3 Nf6 4. Bb5 Nd4 5. O-O Nxb5 6. Nxb5 a6 7. Nc3 d6 8. d4 exd4 9. Nxd4 Be7 10. Qf3 O-O 11. h3 Bd7 12. Bf4 Qc8 13. Rfe1 Re8 14. Rad1 b5 15. g4 b4 16. Nce2 h6 17. Nf5 Bxf5 18. exf5 d5 19. Ng3 c6 20. Kg2 Nh7 21. c4 bxc3 22. bxc3 Bf6 23. c4 Rxe1 24. Rxe1 dxc4 25. Ne4 Qd7 26. Rd1 Qe7 27. Nd6 c3 28. Qxc6 Rd8 29. Nc8 Qe8 30. Qxe8+ Rxe8 31. Nd6 Re2 32. Rd5 Rxa2 33. Rc5 Re2 34. Rc8+ Nf8 35. Kf3 Rb2 36. Ne4 Be7 37. Nxc3 Rb3 38. Kg2 g5 39. fxg6 Kg7 40. gxf7 Ne6 41. Be3 a5 42. Nd5 Bf8 43. Ra8 Rb5 44. Nf4 Nxf4+ 45. Bxf4 Kxf7 46. Bd2 Bb4 47. Bxh6 Rd5 48. Be3 Rd1 49. h4 Bc3 50. h5 Ra1 51. g5 1-0

[Event "VIII Open Semana Santa 2024"]
[Site "San Vicente del Raspeig"]
[Date "2024.03.31"]
[Round "8.10"]
[White "Heimann, Mark"]
[Black "Lazaro Pujol, Abel"]
[Result "1-0"]
[ECO "D38"]
[WhiteElo "2435"]
[BlackElo "2309"]
[Annotator "TA"]
[PlyCount "62"]
[EventDate "2024.03.27"]
[EventType "swiss"]
[EventCountry "ESP"]
[SourceTitle "playchess.com"]
[Source "ChessBase"]
[SourceQuality "1"]
[TimeControl "5400+30"]

1. d4 d5 2. c4 e6 3. Nf3 Nf6 4. Nc3 Bb4 5. Qb3 c5 6. dxc5 Nc6 7. Bg5 dxc4 8. Qxc4 Qa5 {[%emt 0:01:05] The position is equal.} 9. Bxf6 gxf6 10. Rc1 Qxc5 11. Qh4 Ke7 12. g3 Bxc3+ 13. bxc3 Bd7 14. Bg2 Rac8 15. O-O h5 16. Rfd1 Rhd8 17. Nd2 {[%emt 0:02:07][%cal Bf3d2,Bd2c4,Bc4d6][%mdl 32] Threatens to win with Ne4.} Qg5 18. Qa4 Qa5 19. Qb3 {[%emt 0:02:11][%cal Od2c4] Nc4! would now be deadly.} b6 $2 {[%emt 0:03:52] [#]} (19... Ne5 $11) 20. Nc4 $18 Qc5 21. Nd6 $36 {[%emt 0:00:08][%mdl 2048] Inhibits Be8. White is on the roll.} Rc7 {[%emt 0:01:09] Repels Nb7} 22. Ne4 Qa5 23. a4 {[%emt 0:00:14] [#] Qa3+ is the strong threat.} Ne5 24. Qa3+ Rc5 25. Nxc5 bxc5 26. Rd4 Rc8 27. Rb1 {[%emt 0:04:03] Prevents Bb5.} Rc7 28. Rh4 Qa6 29. Qa2 ({Don't play} 29. Rxh5 Qxe2 30. Rh8 Nd3 $18) 29... f5 $2 (29... Bc6 30. Rxh5 Qxa4 31. Qxa4 Bxa4) 30. Qd2 Bxa4 31. Qf4 Kd6 {[%emt 0:23:01] Weighted Error Value: White=0.03 (flawless) /Black=0.37.  Loses game:     	---       	Black=1      Mistake:       	---       	Black=1      Inaccurate:     	White=1     	Black=2      OK:         	White=16    	Black=12     Best:        	White=2     	Black=1} 1-0

[Event "VIII Open Semana Santa 2024"]
[Site "San Vicente del Raspeig"]
[Date "2024.03.31"]
[Round "8.11"]
[White "Gormally, Daniel W"]
[Black "Adhiban, B.."]
[Result "1/2-1/2"]
[ECO "E04"]
[WhiteElo "2415"]
[BlackElo "2541"]
[Annotator "TA"]
[PlyCount "77"]
[EventDate "2024.03.27"]
[EventType "swiss"]
[EventCountry "ESP"]
[SourceTitle "playchess.com"]
[Source "ChessBase"]
[SourceQuality "1"]
[TimeControl "5400+30"]

1. d4 d5 2. c4 e6 3. Nf3 c6 4. g3 dxc4 5. Bg2 b5 6. O-O Bb7 7. Ne5 Nf6 8. Nc3 a6 9. a4 Be7 10. axb5 axb5 {[%emt 0:00:04] The position is equal.} 11. Rxa8 Bxa8 12. Nxb5 cxb5 13. Bxa8 O-O 14. Bg2 Nd5 15. e4 Nb4 16. Be3 Nd7 17. Nf3 Nf6 18. Ne5 Nd7 19. Nf3 Nf6 20. Ne5 h6 21. f4 Nd7 22. h4 (22. Ng4 $11) 22... Nxe5 $15 23. fxe5 Kh7 (23... Nd3 $15 24. Qg4 Qd7 (24... Nxb2 25. d5 $15)) 24. d5 $11 Qb8 (24... Nd3 $6 25. d6 $16) 25. Qh5 {[%emt 0:02:01] [#] d6 is the strong threat.} Nc2 26. Bc1 (26. Rxf7 $2 {loses.} Rxf7 27. Qxf7 Nxe3 $19) ({Don't play} 26. Bxh6 g6 27. Qe2 Bc5+ (27... Kxh6 28. d6 $11) 28. Kh2 Kxh6 $17) 26... Bc5+ 27. Kh2 Ne3 (27... Qe8 $1 $11) 28. Bxe3 $14 Bxe3 29. Rxf7 Rxf7 30. Qxf7 Qxe5 31. dxe6 {[%emt 0:01:30][%mdl 4096] Endgame. KQB-KQB} Bc5 {[%emt 0:01:05][%cal Oc5d6] Dodges e7} 32. Qf5+ Qxf5 33. exf5 {[%emt 0:00:03] KB-KB} Kg8 34. Bc6 {[%emt 0:01:36] White is better.} Kf8 35. Bxb5 Bd4 36. Bxc4 {[%emt 0:00:35] Black must now prevent b4.} Bxb2 37. Kh3 Bc3 38. Kg4 Be1 39. Kf4 {[%emt 0:37:34] Weighted Error Value: White=0.04 (flawless) /Black=0.10 (very precise) .  Mistake:       	White=1     	Black=2      Inaccurate:     	White=1     	Black=2      OK:         	White=17    	Black=15     Best:        	White=4     	Black=2} 1/2-1/2

[Event "VIII Open Semana Santa 2024"]
[Site "San Vicente del Raspeig"]
[Date "2024.03.31"]
[Round "8.12"]
[White "Bora, Safal"]
[Black "Habans Aguerrea, Javier"]
[Result "1/2-1/2"]
[ECO "E06"]
[WhiteElo "2490"]
[BlackElo "2399"]
[Annotator "TA"]
[PlyCount "95"]
[EventDate "2024.03.27"]
[EventType "swiss"]
[EventCountry "ESP"]
[SourceTitle "playchess.com"]
[Source "ChessBase"]
[SourceQuality "1"]
[TimeControl "5400+30"]

1. d4 Nf6 2. c4 e6 3. g3 d5 4. Bg2 Be7 5. Nf3 O-O 6. O-O c6 7. Nc3 a5 8. Ne5 Nbd7 9. Bf4 dxc4 10. Nxc4 Nd5 11. Rc1 b6 12. Nxd5 cxd5 13. Ne5 Nxe5 14. Bxe5 Ba6 15. Qd2 Bd6 16. Rc6 Bxe5 17. dxe5 Rc8 18. Rfc1 Qd7 19. Rd6 Rxc1+ 20. Qxc1 Qa4 21. Bf3 Qd4 22. Qe3 Qxe3 23. fxe3 $11 {[%emt 0:00:03][%mdl 4096] Endgame. KRB-KRB} Rb8 24. Kf2 Kf8 25. e4 dxe4 26. Bxe4 Ke7 27. Ke3 f6 28. Bxh7 fxe5 29. Rc6 Rh8 30. Rxb6 Bc4 31. b3 Bd5 {[%emt 0:00:13] Repels Rb7+. The position is equal.} 32. Be4 Rxh2 33. Bxd5 exd5 {[%emt 0:00:01] KR-KR} 34. Ra6 d4+ 35. Kd3 Rg2 36. Rxa5 Rxg3+ 37. Kd2 Kd6 38. b4 e4 39. b5 Kc5 40. b6+ Kxb6 41. Rd5 d3 42. exd3 Rxd3+ 43. Rxd3 exd3 44. Kxd3 {[%emt 0:00:03] KP-KP} Ka5 45. Ke4 Ka4 46. Kf5 Ka3 47. Kg6 Kxa2 48. Kxg7 {[%emt 0:00:02] Weighted Error Value: White=0.06 (flawless) /Black=0.04 (flawless) .  Inaccurate:     	White=1     	Black=1      OK:         	White=20    	Black=23} 1/2-1/2

[Event "VIII Open Semana Santa 2024"]
[Site "San Vicente del Raspeig"]
[Date "2024.03.31"]
[Round "8.13"]
[White "Suarez Uriel, Adrian"]
[Black "Xiao, Tong(Qd)"]
[Result "0-1"]
[ECO "B42"]
[WhiteElo "2407"]
[BlackElo "2484"]
[Annotator "TA"]
[PlyCount "106"]
[EventDate "2024.03.27"]
[EventType "swiss"]
[EventCountry "ESP"]
[SourceTitle "playchess.com"]
[Source "ChessBase"]
[SourceQuality "1"]
[TimeControl "5400+30"]

1. e4 c5 2. Ne2 e6 3. d4 cxd4 4. Nxd4 a6 5. Bd3 Bc5 6. Nb3 Ba7 7. Qg4 Nf6 8. Qg3 d6 {[%emt 0:00:08] B42: Sicilian: Kan Variation: 5 Bd3.} 9. Be3 Nc6 10. N1d2 (10. Qxg7 Rg8 11. Qh6 Rg6 $15) ({Better is} 10. Bxa7 $14 Rxa7 11. Qxg7) 10... O-O 11. O-O Bxe3 12. Qxe3 e5 13. c4 $146 ({Predecessor:} 13. a4 d5 14. c3 dxe4 15. Bxe4 Nxe4 16. Nxe4 f5 17. Rfd1 Qe7 18. Nd6 f4 19. Nxc8 Raxc8 {1-0 Hansen,E (2615)-Tisevich,R (2337) Titled Tuesday intern op 4th Dec blitz 2018 (7)}) 13... a5 14. Rac1 a4 15. Na1 Be6 16. h3 Nd7 17. Nb1 Nb4 18. Nc3 Qb6 (18... Nb6 $5 19. b3 Nxa2 20. Nxa2 axb3 21. Nxb3 Rxa2 $17) 19. Rfe1 (19. Qd2 $11) 19... Rfc8 20. b3 (20. Nc2 $17 {was called for.} Nxd3 (20... Bxc4 $2 {too greedy.} 21. Qxb6 Nxb6 22. Nxb4 $18) 21. Qxd3) 20... Qxe3 $19 21. Rxe3 {[%emt 0:00:06] [#]} Nxa2 $1 22. Nxa2 axb3 23. Nxb3 Rxa2 24. Bf1 Kf8 25. Rec3 Ke7 26. f3 Rb2 27. R1c2 Rxc2 28. Rxc2 Ra8 29. Rb2 Kd8 30. Nd2 Kc7 31. Kf2 Ra1 32. h4 h5 33. g3 Nc5 34. Be2 Rc1 35. Rb4 g6 36. Nf1 Rc2 37. Ke1 f5 38. exf5 gxf5 39. Ne3 Rc3 40. Kd2 Ra3 41. Nc2 Ra8 42. Ke3 (42. Ke1 $142) 42... Ra2 $19 43. Kd2 f4 44. gxf4 Bf5 ({Don't do} 44... exf4 45. Kc1 $19) 45. Bd1 exf4 ({Weaker is} 45... Na6 46. Rb5 $17) 46. Rb5 b6 47. Rb1 Bd3 48. Rb4 Kb7 49. Kc3 (49. Kc1 {was worth a try.}) 49... Bxc2 $19 50. Bxc2 Ra3+ 51. Kd4 Rxf3 {[%emt 0:00:00] Threatens to win with ...Re3.} 52. Kd5 $2 (52. Be4+ $19 Nxe4 53. Kxe4) 52... Rf2 53. Bg6 Rd2+ 0-1

[Event "VIII Open Semana Santa 2024"]
[Site "San Vicente del Raspeig"]
[Date "2024.03.31"]
[Round "8.14"]
[White "Lamard, Guillaume"]
[Black "Niedbala, Bartlomiej"]
[Result "1/2-1/2"]
[ECO "E05"]
[WhiteElo "2483"]
[BlackElo "2388"]
[Annotator "RC"]
[PlyCount "133"]
[EventDate "2024.03.27"]
[EventType "swiss"]
[EventCountry "ESP"]
[SourceTitle "playchess.com"]
[Source "ChessBase"]
[SourceQuality "1"]
[TimeControl "5400+30"]

1. Nf3 d5 2. g3 Nf6 3. Bg2 e6 4. O-O Be7 5. c4 O-O 6. d4 dxc4 7. Qc2 a6 8. a4 Bd7 9. Qxc4 Bc6 10. Bg5 Nbd7 11. Nc3 a5 12. Rfd1 h6 13. Bxf6 Nxf6 14. e3 Bxf3 15. Bxf3 c6 16. h4 Qb6 17. Qe2 Rad8 18. Kg2 Qc7 19. Rac1 Qd6 20. Ne4 Nxe4 21. Bxe4 g6 22. h5 g5 23. Bb1 Kg7 24. Qc2 f5 25. Ba2 Rf6 26. e4 fxe4 27. Qxe4 Rdf8 28. Rd2 Bd8 29. Rc5 Bc7 30. Re5 Kh8 31. Kh3 Qd7 32. Rxe6 Rxe6 33. Bxe6 Qh7 34. Qg4 Qg7 35. Kg2 Qf6 36. Bb3 Bb6 37. Bc2 Re8 38. Qd7 Re7 39. Qc8+ Kg7 40. Bb3 Qf8 41. Qg4 Qf6 42. Rd3 Qd6 43. Qf5 Qf6 44. Qc8 Qf8 45. Qg4 Qe8 46. Qf5 Ba7 47. Qxa5 b5 48. axb5 cxb5 49. Bd1 Qd7 50. Qc3 Qd5+ 51. Bf3 Qc4 52. Qd2 Rd7 53. Qe2 Bxd4 54. Qe4 Kf8 55. Qg6 Qc2 56. Kh3 Qxf2 57. Bg2 Ke7 58. Rf3 g4+ 59. Qxg4 Qxb2 60. Qe4+ Be5 61. Rf5 Ke6 62. Qg4 Ke7 63. Qe4 Ke6 64. Qc6+ Ke7 65. Bd5 Bf6 66. Qe6+ Kd8 67. Rxf6 1/2-1/2

[Event "VIII Open Semana Santa 2024"]
[Site "San Vicente del Raspeig"]
[Date "2024.03.31"]
[Round "8.16"]
[White "Solodovnichenko, Yuri"]
[Black "Cesar Maestre, Bernardo"]
[Result "1/2-1/2"]
[ECO "B23"]
[WhiteElo "2481"]
[BlackElo "2381"]
[Annotator "TA"]
[PlyCount "160"]
[EventDate "2024.03.27"]
[EventType "swiss"]
[EventCountry "ESP"]
[SourceTitle "playchess.com"]
[Source "ChessBase"]
[SourceQuality "1"]
[TimeControl "5400+30"]

1. e4 c5 2. Nc3 Nc6 3. Nge2 Nd4 4. d3 g6 5. Nxd4 cxd4 6. Ne2 Bg7 7. c3 dxc3 8. Nxc3 d6 9. d4 Nf6 10. Bb5+ Nd7 11. Be3 a6 12. Be2 b5 13. a4 b4 14. Nd5 Bb7 15. a5 e6 16. Nxb4 Bxe4 17. O-O (17. Nxa6 $2 Bxg2 18. Rg1 Bb7 $19) 17... O-O 18. Qa4 (18. Bxa6 $5 Nb8 $8 19. Bd3 Bxd3 20. Qxd3 Rxa5 21. d5 Rxa1 22. Rxa1 $11) 18... Bb7 19. Nc6 Qe8 20. Rfc1 {[%emt 0:01:45] [#]} Nc5 $1 21. Ne7+ Qxe7 22. dxc5 Bxb2 23. c6 Bc8 24. Qb4 Bxa1 25. Rxa1 Re8 26. Bf3 d5 27. Bc5 Qc7 28. Qb6 Qf4 29. Rb1 Qc4 30. Rd1 {[%emt 0:05:05][%mdl 1024] White has compensation.} Qf4 31. Be3 {[%emt 0:03:09] This pair of bishops is nice.} Qd6 {[%emt 0:00:11] White must now prevent ...Rb8.} 32. Bc5 Qf4 {[%emt 0:00:07] [#] aiming for ...Rb8.} 33. Qb2 Qc7 34. Qf6 Qxa5 (34... Qxc6 $2 35. Bd4 e5 36. Qxc6 $18) 35. Bd4 {[%emt 0:01:31][%csl Gd4][%cal Rf6g7] The board is on fire.} e5 $1 36. Bxe5 Rxe5 37. Qxe5 Be6 38. h4 Rc8 $1 39. Rc1 Qc7 40. Qd4 h5 41. Qc5 Rb8 42. g3 (42. Bxd5 $2 {too greedy.} Rb5 43. Qa3 Bxd5 $19 (43... Rxd5 $2 44. Qxa6 Kh7 45. Qa3 $19)) 42... Rb5 43. Qd4 a5 44. Qd3 (44. Kg2 $11 {keeps the balance.}) 44... Rb8 (44... Qb6 $17 {And now ...Rc5 would win.} 45. Qc2 Rb4) 45. Bxd5 $11 {[%emt 0:01:08] The position is equal.} Rd8 46. Rc5 Bxd5 47. Rxd5 Rxd5 48. Qxd5 {[%emt 0:00:02][%mdl 4096] Endgame. Threatens to win with Qd7. KQ-KQ} Kf8 $1 49. Qe4 Qd6 50. Qc4 Qc7 $1 ({But not} 50... Qb4 $2 51. Qxb4+ axb4 52. c7 $18) 51. Qe4 Qd6 52. Qc4 {[%emt 0:01:08] c7 would now be deadly.} Qc7 $1 ({Avoid the trap} 52... Qb4 $2 53. Qxb4+ axb4 54. c7 $18) 53. Qc5+ Ke8 $1 54. Kh2 f6 55. Qd5 Ke7 {[%emt 0:00:47] Repels Qe6+} 56. Qc5+ Ke6 57. Kg1 a4 58. Qc4+ Kd6 59. Qf4+ Kxc6 {[%emt 0:00:13] ( -> ...Qxf4)} 60. Qxa4+ Kd5 $1 61. Qe8 Qg7 62. Kg2 Kd6 63. f3 Kd5 64. Kh3 Kd6 65. Kg2 Kd5 66. Kf1 Kd6 67. Kg2 Kd5 68. Qe4+ Kd6 69. Qd4+ Ke6 70. Qc4+ Ke7 71. g4 hxg4 72. fxg4 f5 73. Qc7+ Kf8 74. Qd8+ Kf7 75. Qd7+ Kg8 76. Qxg7+ Kxg7 77. gxf5 gxf5 78. Kf3 Kh6 79. Kf4 Kh5 80. Kxf5 Kxh4 {[%emt 0:00:08] Weighted Error Value: White=0.06 (flawless) /Black=0.04 (flawless) .  Mistake:       	White=1     	Black=1      Inaccurate:     	White=2     	Black=2      OK:         	White=29    	Black=40     Best:        	---       	Black=6      Strong:       	---       	Black=7} 1/2-1/2

[Event "VIII Open Semana Santa 2024"]
[Site "San Vicente del Raspeig"]
[Date "2024.03.31"]
[Round "8.17"]
[White "Urazayev, Arystanbek"]
[Black "Hristodoulou, Panagiotis"]
[Result "1-0"]
[ECO "D43"]
[WhiteElo "2476"]
[BlackElo "2376"]
[Annotator "TA"]
[PlyCount "37"]
[EventDate "2024.03.27"]
[EventType "swiss"]
[EventCountry "ESP"]
[SourceTitle "playchess.com"]
[Source "ChessBase"]
[SourceQuality "1"]
[TimeControl "5400+30"]

1. d4 d5 2. Nf3 Nf6 3. c4 e6 4. Nc3 c6 5. Qd3 dxc4 6. Qxc4 b5 7. Qd3 Nbd7 8. e4 b4 9. Na4 Qa5 10. b3 c5 11. Be3 Bb7 12. Nxc5 Bxc5 13. dxc5 {[%emt 0:01:05] Hoping for Nd2.} Bxe4 (13... Nxe4 14. Rc1 Bc6 15. Ng5 $14) 14. Qd6 {[%emt 0:03:04] [#] Strongly threatening c6.} Rc8 15. Nd2 Rc6 $132 {[%emt 0:15:13][%mdl 2048] Black is not keeping still} ({Much worse is} 15... Nxc5 16. Nc4 (16. Rc1 $2 Nd3+ 17. Bxd3 Rxc1+ $19) 16... Nb7 17. Qd2 $14) 16. Nc4 Qd8 17. Qd2 {[%emt 0:02:22] Nd6+ is the strong threat.} Nxc5 $2 {[%emt 0:01:53][%mdl 8192] [#]} (17... O-O $1 $11) 18. Qd3 $4 Qd7 $2 (18... Nxd3+ $19 19. Bxd3 Bxd3 (19... Qxd3 $2 20. Rd1 $19)) 19. Qxd7+ {[%emt 0:00:00][%mdl 32768] Weighted Error Value: White=0.48/Black=0.92.  Loses game:     	---       	Black=1      Missed win:     	White=1     	Black=1      Inaccurate:     	White=1     	---        OK:         	White=6     	Black=4      Best:        	---       	Black=2     . Loss on time!?} 1-0